 Dungeon Crawl Stone Soup version 0.21-a0-28-g9a7844a (webtiles) character file.

23 pichaelthompson the Cudgeler (level 2, 0/22 HPs)
             Began as a Demonspawn Gladiator on May 25, 2017.
             Succumbed to a goblin's poison
             ... on level 1 of the Dungeon.
             The game lasted 00:02:56 (848 turns).

pichaelthompson the Cudgeler (Demonspawn Gladiator)  Turns: 848, Time: 00:02:56

Health: 0/22       AC:  2    Str: 16    XL:     2   Next: 75%
Magic:  2/2        EV: 12    Int: 16    God:
Gold:   85         SH:  0    Dex: 14    Spells: 1/1 levels left

rFire    . . .     SeeInvis .   a - +0 flail
rCold    . . .     Gourm    .   (no shield)
rNeg     . . .     Faith    .   j - +0 ring mail (curse)
rPois    .         Spirit   .   (helmet restricted)
rElec    .         Reflect  .   (no cloak)
rCorr    .         Harm     .   (no gloves)
MR       .....                  (no boots)
Stlth    +.........             (no amulet)
Regen    0.1/turn               (no ring)
MPRegen  0.1/turn               (no ring)

@: brilliant, lethally poisoned (0 -> -7)
A: antennae 1, clever 1, deformed body, strong 1
a: no special abilities


You were on level 1 of the Dungeon.
You were not hungry.

You visited 1 branch of the dungeon, and saw 1 of its levels.

You collected 85 gold pieces.

Inventory:

Hand Weapons
 a - a +0 flail (weapon)
 l - a +0 dagger of venom
Missiles
 d - 3 throwing nets (quivered)
Armour
 j - a cursed +0 ring mail (worn)
Scrolls
 c - a scroll of remove curse {unknown}
 i - a scroll of noise {unknown}
Comestibles
 f - a bread ration
 g - a royal jelly
 h - 3 chunks of flesh
 k - 2 fruits


   Skills:
 + Level 2.2 Fighting
 + Level 3.1 Maces & Flails
 - Level 1.7 Throwing
 * Level 0.3 Armour
 * Level 3.0 Dodging
 * Level 0.3 Spellcasting


You had one spell level left.
You didn't know any spells.

Dungeon Overview and Level Annotations

Branches:
Dungeon (1/15)

Altars:


Innate Abilities, Weirdness & Mutations

You have a pair of small antennae on your head.
Your mind is acute. (Int +2)
Armour fits poorly on your strangely shaped body.
Your muscles are strong. (Str +2)


Message History

You feel more energetic.
You feel clever.
Your body twists and deforms.
You feel stronger.
You feel sick.
You feel sick.
* * * LOW HITPOINT WARNING * * *
You feel sick.
* * * LOW HITPOINT WARNING * * *
You feel sick.
* * * LOW HITPOINT WARNING * * *
You feel sick.
* * * LOW HITPOINT WARNING * * *
You feel sick.
* * * LOW HITPOINT WARNING * * *
You feel sick.
* * * LOW HITPOINT WARNING * * *
You feel sick.
* * * LOW HITPOINT WARNING * * *
You feel sick.
Found a ring mail.
You die...

.........####..†.......#
.........# #.#######.##
#####.#### #.# #.# #.#
#.# #.# .# #.# #.#
#.#######[# #...@.....#
###########


There were no monsters in sight!

Vanquished Creatures
  A dart slug (D:1)
  A giant cockroach (D:1)
  3 goblins (D:1)
  A hobgoblin (D:1)
  4 jackals (D:1)
  2 kobolds (D:1)
  5 bats (D:1)
  2 rats (D:1)
19 creatures vanquished.

Notes
Turn   | Place    | Note
-------+----------+-------------------------------------------
     0 | D:1      | pichaelthompson the Demonspawn Gladiator began the quest for the Orb.
     0 | D:1      | Reached XP level 1. HP: 16/16 MP: 1/1
   448 | D:1      | Gained mutation: You have a pair of small antennae on your head. [demonic ancestry]
   448 | D:1      | Reached XP level 2. HP: 22/22 MP: 2/2
   833 | D:1      | Gained mutation: Your magical capacity is low. (-10% MP) [potion of mutation]
   833 | D:1      | Gained mutation: You are resistant to hostile enchantments. (MR+) [potion of mutation]
   835 | D:1      | Lost mutation: You are resistant to hostile enchantments. (MR+) [potion of mutation]
   835 | D:1      | Lost mutation: Your magical capacity is low. (-10% MP) [potion of mutation]
   835 | D:1      | Gained mutation: Your mind is acute. (Int +2) [potion of mutation]
   835 | D:1      | Gained mutation: Armour fits poorly on your strangely shaped body. [potion of mutation]
   835 | D:1      | Gained mutation: Your muscles are strong. (Str +2) [potion of mutation]
   846 | D:1      | HP: 1/22 [poisoned by a goblin]
   848 | D:1      | Succumbed to a goblin's poison

Vault maps used:
D:1:      dpeg_arrival_yet_another_circle

Skill      XL: |  1  2 |
---------------+-------+-----
Dodging        | 3 |  3.0
Maces & Flails | 3 |  3.1
Fighting       | |  2.2
Throwing       | |  1.7
Armour         | |  0.3
Spellcasting   | |  0.3

Action                   || total
-------------------------++-------
Melee: Flail             ||    60
  Use: Potion            ||     3
Armor: Leather armour    ||    25
       Ring mail         ||    20
Dodge: Dodged            ||    72
